AoeStats
← tomwilmore

Arena

509774426Analyzed
1v1 RM · 5d ago on Sep 28, 2026· 32m 35s· 2 players
Game mode
Random Map
Map size
Tiny (2 player)
Population
200
Speed
Normal
Resources
Standard
Victory
Conquest
Starting age
Dark Age
Ending age
Imperial Age
RankedLock teamsTeams togetherTeam positionsShared explorationLock speedFull tech treeHidden civsTurbo modeCheats
Victory
Defeat
🇨🇦 Turks · Canada
972
+15
🇬🇧 Slavs · United Kingdom
945
-44
tomwilmore
13:17 Feudal Age
14:19 Double-Bit Axe
14:39 Horse Collar
16:30 Man-at-Arms
21:56 Castle Age
22:10 Fletching
22:25 Scale Mail Armor
22:26 Long Swordsman
24:15 Wheelbarrow
23:30 Loom
23:33 Town Watch
27:18 Bow Saw
27:46 Hand Cart
27:32 Town Patrol
28:55 Heavy Plow
29:41 Squires
29:44 Bodkin Arrow
30:06 Chain Mail Armor
别打脸 我是小帅
11:43 Feudal Age
10:10 Loom
10:16 Loom
13:01 Double-Bit Axe
13:09 Gold Mining
15:58 Castle Age
14:08 Stone Mining
15:24 Horse Collar
17:34 Gold Shaft Mining
17:19 Bow Saw
17:50 Wheelbarrow
17:00 Town Watch
17:42 Town Watch
18:41 Heavy Plow
22:25 Hand Cart
28:20 Imperial Age
28:04 Padded Archer Armor
28:15 Forging
30:04 Town Patrol
31:02 Conscription
32:05 Leather Archer Armor
31:42 Fletching
32:43 Husbandry
Connection lost

Rejoining the realm…

Still unreachable

The connection could not be restored.

Session expired

The server has moved on; the page needs a fresh start.